 Dungeon Crawl Stone Soup version 0.29.1-1-gd02db6906a (webtiles) character file.

Game seed: 6585321820107656978

84 CodingLynx the Poker (level 4, -4/39 HPs)
             Began as a Minotaur Berserker on Oct 1, 2022.
             Was a Believer of Trog.
             Slain by an orc
             ... wielding a +2 mace of venom
              (7 damage)
             ... on level 3 of the Dungeon.
             The game lasted 00:25:33 (3090 turns).

CodingLynx the Poker (Minotaur Berserker)           Turns: 3090, Time: 00:25:34

Health: -4/39      AC: 10    Str: 24    XL:     4   Next: 24%
Magic:  3/3        EV:  8    Int:  4    God:    Trog [**....]
Gold:   110        SH:  0    Dex:  9    Spells: 3/3 levels left

rFire   + . .      SeeInvis .   a - +0 spear (drain)
rCold   x . .      Faith    .   (no shield)
rNeg    . . .      Spirit   .   k - +0 chain mail
rPois   .          Reflect  .   (helmet restricted)
rElec   .          Harm     .   (no cloak)
rCorr   .          Rampage  .   (no gloves)
Will    ++...                   j - +0 pair of boots
Stlth   ..........              (no amulet)
HPRegen 1.13/turn               i - ring of fire
MPRegen 0.08/turn               (no ring)

@: lethally poisoned (-4 -> -7), strong-willed, regenerating
A: horns 2, retaliatory headbutt
a: Renounce Religion, Berserk, Trog's Hand


You were on level 3 of the Dungeon.
You worshipped Trog.
Trog was pleased with you.
You visited 1 branch of the dungeon, and saw 3 of its levels.

You collected 110 gold pieces.

Inventory:

Hand Weapons
 a - a +0 spear of draining (weapon)
Missiles
 g - 4 javelins (quivered)
Armour
 b - a +0 animal skin
 j - a +0 pair of boots (worn)
 k - a +0 chain mail (worn)
 p - a +0 leather armour
Jewellery
 i - a ring of fire (left hand)
Wands
 f - a wand of polymorph (5)
Scrolls
 e - 3 scrolls of identify
 l - a scroll of brand weapon
 n - 2 scrolls of poison
Potions
 c - a potion of lignification
 d - 2 potions of berserk rage
 h - 2 potions of haste
 m - 2 potions of heal wounds


   Skills:
 - Level 3.6 Fighting
 * Level 5.5 Polearms
 + Level 3.7 Armour
 - Level 2.1 Dodging


You had 3 spell levels left.
You didn't know any spells.
Your spell library was empty.

Dungeon Overview and Level Annotations

Branches:
Dungeon (3/15)

Altars:
Trog

Shops:
D:1 ?


Innate Abilities, Weirdness & Mutations

You have a pair of horns on your head.
You reflexively headbutt those who attack you in melee.


Message History

You feel sick. The orc attacks as you move away! The orc barely misses you.
You feel sick.
You barely miss the orc. You headbutt the orc, but do no damage.
The orc is moderately wounded.
You feel sick. The orc attacks as you move away!
The orc hits you but does no damage.
You feel sick. The orc hits you but does no damage.
You are more poisoned.
The orc attacks as you move away! The orc barely misses you.
You furiously retaliate!
You headbutt the orc.
You feel sick.
Found a stone staircase leading down.
You feel very sick. The orc attacks as you move away!
The orc closely misses you.
You feel sick.
You feel sick. The orc attacks as you move away!
The orc hits you with a +2 mace of venom.
You are more poisoned.
You feel very sick.
You feel sick. The orc attacks as you move away!
The orc hits you but does no damage.
You feel sick. The orc attacks as you move away!
The orc hits you with a +2 mace of venom.
You feel sick.
You feel sick.
You feel sick. The orc attacks as you move away! The orc closely misses you.
You feel sick.
Your skin crawls.
You feel strong-willed.
You feel sick.
The orc hits you with a +2 mace of venom.
* * * LOW HITPOINT WARNING * * *
You are lethally poisoned!
* * * LOW HITPOINT WARNING * * *
You feel very sick.
Your skin crawls.
You feel strong-willed.
* * * LOW HITPOINT WARNING * * *
You feel very sick.
The orc hits you with a +2 mace of venom!
You die...

#....... #....... #...... #.
.### #...<# .. ..... #....# .#
.....#############....#
>...............##....########
#
..............oo@.............
.
#######.#......o....#.........
.
...)....#.####.####.#.########
# ....#.#...##.....##.†.##
....#.#.#.#.......#....###
....#...#.#.......#.#....#
.[..#.###....._.....#.##.#
......##..#.......#...##.#
######
....####..#.......#.#.##.#
#....#


You could see 3 orcs.

Vanquished Creatures
  Ijyb (D:3)
  A worm (D:3)
  An orc (D:3)
  3 ball pythons
  5 endoplasms
  A giant cockroach (D:1)
  2 goblins (D:1)
  6 hobgoblins
  4 jackals (D:3)
  5 kobolds (D:1)
  2 quokkas (D:1)
  8 bats
  4 frilled lizards
  6 rats
49 creatures vanquished.

Notes
Turn   | Place    | Note
-------+----------+-------------------------------------------
     0 | D:1      | CodingLynx the Minotaur Berserker began the quest for the
                  | Orb.
     0 | D:1      | Reached XP level 1. HP: 19/19 MP: 0/0
   182 | D:1      | Reached skill level 4 in Polearms
   185 | D:1      | Reached XP level 2. HP: 26/26 MP: 1/1
   337 | D:1      | Found Ityrafe's Magic Scroll Shoppe.
   457 | D:1      | Found a faded altar of an unknown god.
  1192 | D:1      | Reached ** piety under Trog
  1193 | D:1      | Reached XP level 3. HP: 31/31 MP: 2/2
  2651 | D:3      | Noticed Ijyb
  2709 | D:3      | Killed Ijyb
  2710 | D:3      | Reached skill level 5 in Polearms
  2710 | D:3      | Reached XP level 4. HP: 28/39 MP: 3/3
  3030 | D:3      | Found a bloodstained altar of Trog.
  3090 | D:3      | Slain by an orc

Illustrated notes

Levels and vault maps discovered:
D:1:      psy_arrival_radial01, layout_basic, serial_shops, shop_statue,
          ebering_ecumenical_altar_webs, minivault_11, dreamdust_wishing_well,
          nicolae_figureground_pulse
D:2:      layout_basic
D:3:      layout_basic, old_standard_altar, uniq_ijyb

Skill      XL: |  1  2  3 |
---------------+----------+-----
Polearms       | 4 5 |  5.5
Armour         | 3 |  3.7
Fighting       | |  3.6
Dodging        | |  2.1

Action                   |  1- 3 |  4- 6 || total
-------------------------+-------+-------++-------
Melee: Spear             |    85 |    24 ||   109
       Headbutt          |    13 |     3 ||    16
Invok: Trog's Hand       |       |     2 ||     2
  Use: Scroll            |    10 |       ||    10
Armor: Animal skin       |     7 |       ||     7
       Skin              |     5 |       ||     5
       Leather armour    |     3 |     3 ||     6
       Chain mail        |       |     6 ||     6
Dodge: Dodged            |    39 |    11 ||    50
